 Dungeon Crawl Stone Soup version 0.18.1-6-gd335043 (webtiles) character file.

116 mopl the Sneak (level 4, -9/31 HPs)
             Began as a Vampire Transmuter on May 16, 2016.
             Killed by divine providence
             ... invoked by an orc priest
              (16 damage)
             ... on level 3 of the Dungeon.
             The game lasted 00:05:14 (2572 turns).

mopl the Sneak (Vampire Transmuter)                 Turns: 2572, Time: 00:05:14

Health: -9/31      AC:  3    Str:  9    XL:     4   Next: 70%
Magic:  3/7        EV: 13    Int: 15    God:
Gold:   94         SH:  0    Dex: 17    Spells: 2 memorised, 4 levels left

rFire  . . .     SeeInvis +     l - +0 short sword
rCold  + . .     Gourm    .     b - +0 robe
rNeg   + + .     Faith    .     (no shield)
rPois  +         Spirit   .     (no helmet)
rElec  .         Dismiss  .     (no cloak)
rCorr  .         Reflect  .     q - +0 pair of gloves
SustAt .         Harm     .     (no boots)
MR     +....                    (no amulet)
Stlth  ++++......               f - ring of protection from magic
                                e - +2 ring of dexterity

@: regenerating slowly, somewhat resistant to hostile enchantments, stealthy
A: fangs 3, see invisible, unbreathing
a: Bat Form


You were on level 3 of the Dungeon.
You were very thirsty.

You visited 1 branch of the dungeon, and saw 3 of its levels.

You collected 94 gold pieces.

Inventory:

Hand Weapons
 a - a +0 dagger
 l - a +0 short sword (weapon)
Missiles
 k - 33 arrows
Armour
 b - a +0 robe (worn)
 q - a +0 pair of gloves (worn)
Jewellery
 e - a +2 ring of dexterity (left hand)
 f - a ring of protection from magic (right hand)
Wands
 g - a wand of lightning (9/15)
Scrolls
 h - 4 scrolls of teleportation
 j - 2 scrolls of remove curse {unknown}
 m - a scroll of blinking {unknown}
 p - a scroll of enchant armour {unknown}
Potions
 d - a potion of brilliance
 i - a potion of curing
 n - a potion of heal wounds
 r - 2 potions of blood
Books
 c - a book of Changes

   Spells                             Type                      Level
   a - Beastly Appendage              Transmutation                1
   b - Sticks to Snakes               Transmutation                2
   c - Spider Form                    Transmutation/Poison         3
   d - Ice Form                       Ice/Transmutation            4
   e - Blade Hands                    Transmutation                5


   Skills:
 - Level 0.8 Fighting
 + Level 2.1 Short Blades
 - Level 2.1 Dodging
 * Level 6.1 Stealth
 - Level 3.2 Unarmed Combat
 - Level 2.0 Spellcasting
 - Level 2.1 Transmutations


You had 4 spell levels left.
You knew the following spells:

 Your Spells              Type           Power        Failure   Level  Hunger
a - Beastly Appendage     Trmt           #.....       12%         1    #......
w - Sticks to Snakes      Trmt           #.......     14%         2    ###....


Dungeon Overview and Level Annotations

Branches:
Dungeon (3/15)

Altars:
Okawaru


Innate Abilities, Weirdness & Mutations

You heal slowly.
You have razor-sharp teeth.
You have supernaturally acute eyesight.
You can survive without breathing.


Message History

Your ball python bites the orc wizard but does no damage.
Your ball python constricts the orc wizard.
The orc wizard hits your ball python with a dagger.
The orc priest casts a cantrip, but nothing happens.
Your ball python bites the orc wizard but does no damage.
Your ball python constricts the orc wizard.
Your ball python bites the orc wizard.
Your ball python constricts the orc wizard.
The orc wizard hits your ball python with a dagger.
The orc throws a tomahawk.
The tomahawk barely misses you.
You see here a tomahawk.
Your ball python bites the orc wizard but does no damage.
Your ball python constricts the orc wizard.
The orc throws a tomahawk.
The tomahawk closely misses you.
The orc wizard hits your ball python with a dagger.
Your ball python dies!
The orc priest mumbles some strange prayers to Beogh against you.
Beogh smites you!
Ouch! That really hurt!
You die...

#...........##.#
#.....##.##
#.###.#####.##.#
#..#..##.## #.# #...
.....# #..#....... #.
##### ###.##
#..#.....## #. #. #.#
...#..#### #. .###.
#..##..# #. ... #.
#..##### #.# ##..)....
. #@# #.....)##### ##
#(# ##.##..# #.# # #..#
######(######.##..#####
#..g.o........##.......
#....o...#######.<.####
...#.##/......####...#
. # #...o..........#
#.......######.#


You could see an orc priest, an orc wizard and an orc.

Vanquished Creatures
  4 adders (D:2)
  An ooze (D:3)
  4 worms (D:2)
  3 dart slugs
  A giant gecko (D:3)
  2 bats (D:2)
  4 giant cockroaches
  7 goblins
  9 hobgoblins
  7 kobolds
  A quokka (D:2)
  A ball python (D:1)
  A giant newt (D:1)
  3 rats
48 creatures vanquished.

Vanquished Creatures (collateral kills)
  An adder (D:2)
  A worm (D:3)
2 creatures vanquished.

Grand Total: 50 creatures vanquished

Notes
Turn   | Place    | Note
--------------------------------------------------------------
     0 | D:1      | mopl the Vampire Transmuter began the quest for the Orb.
     0 | D:1      | Reached XP level 1. HP: 14/14 MP: 3/3
    29 | D:1      | Reached skill level 1 in Stealth
    70 | D:1      | Reached skill level 2 in Stealth
   116 | D:1      | Reached XP level 2. HP: 12/20 MP: 5/5
   334 | D:1      | Reached skill level 3 in Stealth
   815 | D:1      | Reached skill level 4 in Stealth
  1220 | D:2      | Learned a level 2 spell: Sticks to Snakes
  1230 | D:2      | Reached XP level 3. HP: 16/25 MP: 3/6
  1250 | D:2      | Reached skill level 1 in Short Blades
  1716 | D:1      | Reached skill level 5 in Stealth
  1830 | D:2      | Found an iron altar of Okawaru.
  2028 | D:2      | Reached XP level 4. HP: 16/31 MP: 7/7
  2410 | D:3      | Reached skill level 6 in Stealth
  2438 | D:3      | Reached skill level 2 in Short Blades
  2572 | D:3      | Killed from afar by an orc priest

Skill      XL: |  1  2  3  4 |
---------------+-------------+-----
Stealth        | 2 4 5 6 |  6.1
Short Blades   | 1 2 |  2.1
Fighting       | |  0.8
Dodging        | |  2.1
Unarmed Combat | |  3.2
Spellcasting   | |  2.0
Transmutations | |  2.1

Action                   |  1- 3 |  4- 6 || total
-------------------------+-------+-------++-------
Melee: Unarmed           |    65 |       ||    65
       Bite              |    14 |     3 ||    17
       Short sword       |    48 |    47 ||    95
       Punch             |     1 |     1 ||     2
 Cast: Sticks to Snakes  |     4 |     4 ||     8
  Use: Scroll            |     1 |     5 ||     6
       Potion            |       |     1 ||     1
 Stab: Sleeping          |    13 |     9 ||    22
       Distracted        |       |     2 ||     2
Armor: Robe              |     9 |     5 ||    14
Dodge: Dodged            |    54 |    24 ||    78
